 Dungeon Crawl Stone Soup version 0.31-a0-750-gfe7b580527 (webtiles) character file.

Game seed: 6219764863734085761

16552 Demosthentine the Fighter (level 12, -12/87 HPs)
             Began as a Demonspawn Gladiator on Sept 14, 2023.
             Was an Elder of Hepliaklqana.
             Mangled by Azrael
             ... wielding a +0 scimitar of flaming
              (14 damage)
             ... on level 12 of the Dungeon on Sept 15, 2023.
             The game lasted 00:15:03 (10980 turns).

Demosthentine the Fighter (Demonspawn Gladiator)   Turns: 10980, Time: 00:15:03

Health: -12/87     AC: 11    Str: 16    XL:     12   Next: 11%
Magic:  17/18      EV: 23    Int: 10    God:    Hepliaklqana [****..]
Gold:   1233       SH:  0    Dex: 21    Spells: 11/11 levels left

rFire   . . .        r - +2 trident (freeze)
rCold   . . .        (no shield)
rNeg    + . .        b - +0 leather armour
rPois   .            o - +1 helmet "Fooloin" {rN+ Dex+3}
rElec   .            (no cloak)
rCorr   +            g - +1 pair of gloves
SInv    .            G - +0 pair of boots
Will    .....        t - amulet of magic regeneration
Stlth   ++           i - +5 ring of evasion
HPRegen 0.34/turn    a - ring of resist corrosion
MPRegen 0.56/turn

%: no passive effects
@: no status effects
A: reduced essence, foul stench 1, spiny 2, sharp scales 2, weakness stinger 1
a: Renounce Religion, Recall Ancestor, Ancestor Identity, Transference, Idealise


You were on level 12 of the Dungeon.
You worshipped Hepliaklqana.
Hepliaklqana was greatly pleased with you.
You visited 2 branches of the dungeon, and saw 14 of its levels.

You collected 1233 gold pieces.

Inventory:

Hand Weapons
 r - a +2 trident of freezing (weapon)
 s - a +6 trident
Missiles
 d - 4 throwing nets (quivered)
 e - a javelin
Armour
 b - a +0 leather armour (worn)
 g - a +1 pair of gloves (worn)
 o - the +1 helmet "Fooloin" (worn) {rN+ Dex+3}
   (You found it on level 4 of the Dungeon)

   Dex+3:     It affects your dexterity (+3).
   rN+:       It protects you from negative energy.
 G - a +0 pair of boots (worn)
Magical Staves
 y - the staff of Malum Prohibitum {rElec Will+ Dex+3 Air}
   (You found it on level 7 of the Dungeon)

   [staff of air]

   Base accuracy: +5 Base damage: 5 Base attack delay: 1.2 This weapon's minimum
   attack delay (0.6) is reached at skill level 12.
   Dex+3:     It affects your dexterity (+3).
   rElec:     It insulates you from electricity.
   Will+:     It increases your willpower.
   Air:       It increases the power of your Air spells.
   It falls into the 'Staves' category.
   It is a one-handed weapon.
Jewellery
 a - a ring of resist corrosion (right hand)
 i - a +5 ring of evasion (left hand)
 t - an amulet of magic regeneration (around neck)
Wands
 l - a wand of light (1)
 n - a wand of paralysis (13)
 B - a wand of flame (19)
 D - a wand of iceblast (11)
Scrolls
 c - 2 scrolls of blinking
 f - 5 scrolls of identify
 k - 4 scrolls of immolation
 m - 4 scrolls of amnesia
 q - 5 scrolls of teleportation
 A - a scroll of vulnerability
 C - a scroll of fear
 E - a scroll of enchant armour
Potions
 h - 2 potions of lignification
 j - 3 potions of mutation
 p - 2 potions of enlightenment
 u - 3 potions of ambrosia
 v - a potion of cancellation
 x - 3 potions of curing
 z - a potion of degeneration {unknown}
 F - a potion of resistance
 H - a potion of attraction


   Skills:
 + Level 10.3 Fighting
 + Level 9.7 Polearms
 - Level 1.7 Throwing
 - Level 6.5 Armour
 + Level 9.6 Dodging
 + Level 9.0 Invocations


You had 11 spell levels left.
You didn't know any spells.
Your spell library contained the following spells:

 Spells                   Type           Power      Damage    Failure   Level
 Apportation              Tloc           0%         N/A       41%         1
 Foxfire                  Conj/Fire      0%         2x1d4     41%         1
 Freeze                   Ice            0%         1d3       41%         1
 Necrotise                Necr           0%         1d4       41%         1
 Summon Small Mammal      Summ           0%         N/A       41%         1
 Cigotuvi's Dreadful Rot  Necr/Pois/Air  0%         N/A       56%         2
 Call Canine Familiar     Summ           0%         N/A       80%         3
 Frozen Ramparts          Ice            0%         1d1       80%         3
 Hailstorm                Conj/Ice       0%         3d3       80%         3
 Summon Guardian Golem    Hex/Summ       0%         N/A       80%         3
 Tukima's Dance           Hex            0%         N/A       80%         3
 Animate Dead             Necr           0%         N/A       99%         4
 Dispel Undead            Necr           0%         3d6       99%         4
 Passage of Golubria      Tloc           0%         N/A       99%         4
 Borgnjor's Vile Clutch   Necr/Erth      0%         N/A       100%        5
 Yara's Violent Unravell  Hex/Tmut       0%         3d3       100%        5
 Death Channel            Necr           0%         N/A       100%        6
 Plasma Beam              Fire/Air       0%         2x1d10    100%        6
 Starburst                Conj/Fire      0%         6d3       100%        6
 Haunt                    Necr/Summ      0%         N/A       100%        7
 Borgnjor's Revivificati  Necr           0%         N/A       100%        8
 Death's Door             Necr           0%         N/A       100%        9


Dungeon Overview and Level Annotations

Branches:
Dungeon (13/15)            Temple (1/1) D:6            Lair (0/5) D:10
    Orc (0/2) D:11
 Vaults: D:13-14

Altars:
Ashenzari
Cheibriados
Dithmenos
Fedhas
Gozag
Hepliaklqana
Kikubaaqudgha
Makhleb
Nemelex Xobeh
Okawaru
Qazlal
Ru
Sif Muna
Trog
Uskayaw
Vehumet
Wu Jian
Xom
Yredelemnul
Lugonu

Shops:
D:11 [

Portals:
Abyss: D:1

Annotations:
D:8 2 runed translucent doors, cforsyth's ghost, novice DjCK
D:12 Azrael
D:13 Sonja


Innate Abilities, Weirdness & Mutations

Your life essence is reduced to manifest your ancestor. (-10% HP)
You may rarely emit foul miasma when damaged in melee.
You are mostly covered in sharp spines.
You are mostly covered in razor-sharp scales. (AC +2, Slay +2)
You have a small tail.


Message History

The centaur is lightly wounded.
The centaur shoots an arrow.
The arrow closely misses you.
Necuametl hits the centaur with a +0 dagger of draining.
Necuametl drains the centaur.
Necuametl points at the centaur and mumbles some strange words.
The centaur resists with significant effort.
Azrael gestures at you. The sticky flame hits you!
You are covered in liquid flames!
You climb upwards.
You are covered in liquid flames!
There is a stone staircase leading down here.
Necuametl is recalled.
You are covered in liquid flames!
* * * LOW HITPOINT WARNING * * *
Azrael hits you with a +0 scimitar of flaming!
* * * LOW HITPOINT WARNING * * *
Azrael burns you.
* * * LOW HITPOINT WARNING * * *
You feel much better.
You are covered in liquid flames!
* * * LOW HITPOINT WARNING * * *
Azrael is struck by your spines.
Azrael hits you with a +0 scimitar of flaming!
* * * LOW HITPOINT WARNING * * *
Azrael burns you.
* * * LOW HITPOINT WARNING * * *
Throw: 4 throwing nets
Press: ? - help, Q - select action, (/) - cycle Shift-Dir - straight line, f - Azrael
Aim: Azrael, wielding a +0 scimitar of flaming (lightly wounded, ally target, 82% to hit)
Okay, then.
Aiming: Paralyse
Press: ? - help, Shift-Dir - straight line, f - Azrael
Aim: Azrael, wielding a +0 scimitar of flaming (lightly wounded, ally target, chance to affect: 31%) Azrael easily resists.
Necuametl hits Azrael but does no damage.
Necuametl casts a spell at Azrael.
Azrael easily resists.
Azrael hits you with a +0 scimitar of flaming!
You die...

............#.....#
............#.....#####
...##......##..)).#...######
...##......####(###........#
...........#...)..#........#
.....).....+......#........#
...........#...(..#.)......#
...........#....R.'........#
...##...##.##..R@##........#
...##...##.##...[##......########
.........#.......##......#.......
.........#...............#......#
.........#...............#......#
.........#...............#......#
...##...##..##+####......#......#
...##...##..##...##รท.....#......#
..................#......#......#


You could see the friendly Necuametl the hexer and Azrael (ally target).

Vanquished Creatures
  Erica (D:8)
  2 two-headed ogres (D:11)
  Lodul (D:12)
  Pikel (D:8)
  A cyclops (D:12)
  2 ugly things
  Maurice (D:10)
  2 gargoyles
  An unseen horror (D:10)
  Psyche (D:9)
  A kobold demonologist (D:12)
  2 trolls
  Prince Ribbit (D:5)
  A hornet (D:7)
  A fire elemental (D:12)
  8 yaks
  Eustachio (D:5)
  A steam dragon (D:6)
  A vampire mosquito (D:11)
  An acid dragon (D:10)
  2 hell hounds
  3 water moccasins
  3 orc warriors
  A sky beast (D:6)
  12 ogres
  A phantom (D:4)
  A kobold brigand (D:6)
  5 bullfrogs
  2 scorpions
  A gnoll sergeant (D:12)
  A wight (D:7)
  10 killer bees
  An electric eel (D:8)
  5 crimson imps
  3 quasits (D:1)
  Crazy Yiuf (D:6)
  2 hounds
  A gnoll bouda (D:4)
  An orc priest (D:6)
  A sleepcap (D:5)
  2 jellies
  2 iron imps (D:1)
  Jessica (D:3)
  2 iguanas
  6 orc wizards
  10 adders
  8 gnolls
  3 shadow imps
  3 white imps (D:6)
  4 ufetubi
  4 worms
  24 orcs
  10 ball pythons
  8 bats
  6 endoplasms
  5 giant cockroaches
  13 goblins
  9 hobgoblins
  4 jackals (D:2)
  2 quokkas
  4 frilled lizards
  11 kobolds
  4 rats
233 creatures vanquished.

Vanquished Creatures (collateral kills)
  A two-headed ogre (D:12)
  2 ugly things
  A cyclops (D:13)
  A manticore (D:12)
  An unseen horror (D:12)
  A komodo dragon (D:12)
  A vampire (D:10)
  A wraith (D:9)
  2 yaks (D:10)
  2 fire elementals (D:12)
  A vampire mosquito (D:11)
  An orc warrior (D:11)
  3 centaurs
  2 wights (D:7)
  A jelly (D:7)
  An orc priest (D:11)
  An iguana (D:4)
  An orc wizard (D:7)
  2 gnolls (D:12)
  A shadow imp (D:7)
  3 orcs
  A goblin (D:4)
31 creatures vanquished.

Vanquished Creatures (others)
  4 hexers
  A quokka (D:10)
5 creatures vanquished.

Grand Total: 269 creatures vanquished

Notes
Turn   | Place    | Note
-------+----------+-------------------------------------------
     0 | D:1      | Demosthentine the Demonspawn Gladiator began the quest for
                  | the Orb.
     0 | D:1      | Reached XP level 1. HP: 16/16 MP: 1/1
    79 | D:1      | Gained mutation: You are partially covered in sharp spines.
                  | [demonic ancestry]
    79 | D:1      | Reached XP level 2. HP: 22/22 MP: 2/2
    79 | D:1      | Found a large runed translucent door.
    79 | D:1      | Found a large runed translucent door.
    81 | D:1      | Found a one-way gate to the infinite horrors of the Abyss.
    81 | D:1      | Found a corrupted altar of Lugonu.
    81 | D:1      | Noticed a crimson imp
    82 | D:1      | Noticed a crimson imp
    83 | D:1      | Noticed a crimson imp
    85 | D:1      | Noticed a crimson imp
   475 | D:1      | Reached skill level 1 in Armour
   507 | D:1      | Gained mutation: You are partially covered in razor-sharp
                  | scales. (AC +1, Slay +1) [demonic ancestry]
   507 | D:1      | Reached XP level 3. HP: 28/28 MP: 3/3
  1286 | D:1      | Gained mutation: You have a small tail. [demonic ancestry]
  1286 | D:1      | Reached XP level 4. HP: 25/34 MP: 4/4
  1291 | D:1      | Reached skill level 3 in Fighting
  1299 | D:1      | Reached XP level 5. HP: 18/41 MP: 5/5
  1347 | D:1      | Gained mutation: You may rarely emit foul miasma when
                  | damaged in melee. [demonic ancestry]
  1347 | D:1      | Reached XP level 6. HP: 19/47 MP: 6/6
  1997 | D:3      | Reached skill level 4 in Fighting
  2000 | D:3      | Reached XP level 7. HP: 54/54 MP: 7/7
  2010 | D:3      | You fall into a shaft and drop 3 floors!
  2022 | D:6      | Noticed a steam dragon
  2032 | D:6      | Killed a steam dragon
  2251 | D:6      | Found a staircase to the Ecumenical Temple.
  2290 | Temple   | Entered the Ecumenical Temple
  2299 | Temple   | Became a worshipper of Hepliaklqana the Forgotten
  2443 | D:5      | Entered Level 5 of the Dungeon
  2521 | D:5      | Noticed Eustachio
  2533 | D:5      | Reached skill level 5 in Polearms
  2553 | D:5      | Killed Eustachio
  2554 | D:5      | Reached skill level 5 in Fighting
  2554 | D:5      | Reached skill level 5 in Dodging
  2554 | D:5      | Reached XP level 8. HP: 15/62 MP: 8/8
  2717 | D:5      | Found a stormy altar of Qazlal.
  2745 | D:5      | Noticed Prince Ribbit
  2755 | D:5      | Killed Prince Ribbit
  3482 | D:3      | Found a sacrificial altar of Ru.
  3482 | D:3      | Found a bloodstained altar of Trog.
  3846 | D:3      | Noticed Jessica
  3858 | D:3      | Killed Jessica
  3912 | D:3      | Found a shimmering blue altar of Sif Muna.
  3976 | D:4      | Identified the +1 helmet "Fooloin" {rN+ Dex+3}
  4247 | D:4      | Reached * piety under Hepliaklqana
  4738 | D:5      | Found an ancient bone altar of Kikubaaqudgha.
  5042 | D:5      | Found a burning altar of Makhleb.
  5042 | D:5      | Found a shimmering altar of Xom.
  5046 | D:5      | Reached skill level 5 in Armour
  5128 | D:5      | Reached skill level 6 in Fighting
  5424 | D:6      | Gained mutation: You are mostly covered in razor-sharp
                  | scales. (AC +2, Slay +2) [demonic ancestry]
  5424 | D:6      | Reached XP level 9. HP: 62/62 MP: 9/9
  5726 | D:6      | Found an iron altar of Okawaru.
  5971 | D:6      | Found a runed translucent door.
  5972 | D:6      | Noticed Crazy Yiuf
  5978 | D:6      | Killed Crazy Yiuf
  6303 | D:7      | Reached ** piety under Hepliaklqana
  6304 | D:7      | Remembered your ancestor Necuametl as a hexer
  6355 | D:7      | Found a shadowy altar of Dithmenos.
  6586 | D:7      | Noticed a green ugly thing
  6602 | D:7      | Killed a green ugly thing
  6603 | D:7      | Reached skill level 7 in Fighting
  6877 | D:7      | Identified the staff of Malum Prohibitum {rElec Will+ Dex+3
                  | Air}
  6903 | D:7      | Reached XP level 10. HP: 68/71 MP: 10/10
  6956 | D:8      | Noticed Pikel
  6956 | D:8      | Noticed Erica
  7032 | D:8      | Reached skill level 1 in Invocations
  7043 | D:8      | Killed Pikel
  7047 | D:8      | Killed Erica
  7134 | D:8      | Found a large runed translucent door.
  7134 | D:8      | Found a large runed translucent door.
  7136 | D:8      | Noticed cforsyth's ghost (novice DjCK)
  7184 | D:8      | Found a broken altar of Ashenzari.
  7343 | D:8      | Reached skill level 8 in Fighting
  7488 | D:9      | Noticed a gargoyle
  7496 | D:9      | Killed a gargoyle
  7626 | D:9      | Noticed Psyche
  7636 | D:9      | Killed Psyche
  7777 | D:9      | Reached skill level 5 in Invocations
  7851 | D:9      | Found a blossoming altar of Fedhas.
  7950 | D:9      | Found an opulent altar of Gozag.
  7960 | D:9      | Reached *** piety under Hepliaklqana
  8344 | D:10     | Entered Level 10 of the Dungeon
  8408 | D:10     | Found a staircase to the Lair.
  8543 | D:10     | Noticed a red ugly thing
  8551 | D:10     | Killed a red ugly thing
  8552 | D:10     | Gained mutation: You are mostly covered in sharp spines.
                  | [demonic ancestry]
  8552 | D:10     | Reached XP level 11. HP: 58/78 MP: 15/15
  8761 | D:10     | Found an ornate altar of the Wu Jian Council.
  8878 | D:10     | Noticed Maurice
  8880 | D:10     | Reached skill level 9 in Fighting
  8894 | D:10     | Killed Maurice
  9310 | D:11     | Found a staircase to the Orcish Mines.
  9311 | D:11     | Found Mauc Diq's Armour Boutique.
  9311 | D:11     | Noticed a two-headed ogre
  9323 | D:11     | Killed a two-headed ogre
  9365 | D:11     | Noticed a two-headed ogre
  9374 | D:11     | Killed a two-headed ogre
  9768 | D:11     | Reached **** piety under Hepliaklqana
 10156 | D:12     | Noticed a cyan ugly thing
 10165 | D:12     | Killed a cyan ugly thing
 10480 | D:12     | Noticed a two-headed ogre
 10484 | D:12     | Killed a two-headed ogre
 10492 | D:12     | Noticed Lodul
 10526 | D:12     | Reached skill level 10 in Fighting
 10530 | D:12     | Killed Lodul
 10761 | D:13     | Noticed a green ugly thing
 10767 | D:13     | Killed a green ugly thing
 10768 | D:13     | Reached XP level 12. HP: 83/87 MP: 18/18
 10802 | D:13     | Noticed Sonja
 10877 | D:13     | Noticed Azrael
 10979 | D:12     | HP: 1/87 [Azrael/+0 scimitar of flaming (5)]
 10980 | D:12     | Mangled by Azrael

Illustrated notes

Levels and vault maps discovered:
D:1:      erik_arrival_cave_to_civilisation [erik_arrival_cave_to_temple],
          layout_basic, interstate_on_off, chequers_serial_rivers_large_b
D:2:      layout_basic, due_unseen_surprise
D:3:      layout_loops_ring, tgw_sif, gammafunk_temple_overflow_wave
D:4:      layout_cave_pools, kennysheep_small_spiral, minmay_checkerbox
D:5:      layout_cave_pods, grunt_temple_overflow_champion_of_chaos,
          mainiacjoe_overflow_alcove_2, amcnicky_altar_gilded,
          nicolae_figureground_pulse, uniq_prince_ribbit1, uniq_eustachio
D:6:      cheibrodos_quashed, layout_loops_ring, zin_academy,
          gammafunk_temple_overflow_pools, minmay_temple_entry_stoned_glass,
          uniq_crazy_yiuf_cottage
D:7:      layout_basic, mainiacjoe_overflow_paths
D:8:      layout_cave_pools, evilmike_ruin_ashenzari,
          ebering_ghost_disaster_area, minivault_25, minmay_crystal_water,
          uniq_pikel, uniq_erica
D:9:      layout_basic, nicolae_gozag_seed_capital, fedhas_altar_1, uniq_psyche
D:10:     layout_loops_ring, mainiacjoe_overflow_alcove_1, elyvilon_altar_4,
          dpeg_oklobed_lair, uniq_maurice
D:11:     layout_long_grid, orc_david_3
D:12:     layout_gridville, uniq_lodul
D:13:     layout_rooms, serial_shops, shop, shop_fountains, kennysheep_mini,
          uniq_azrael, uniq_sonja
Temple:   hellmonk_temple_two_chambers

Skill      XL: |  1  2  3  4  5  6  7  8  9 10 11 12 |
---------------+-------------------------------------+-----
Polearms       | 3 4 5 6 7 8 9 |  9.7
Dodging        | 3 4 5 6 7 8 9 |  9.6
Armour         | 1 2 3 4 5 6 |  6.5
Fighting       | 3 4 5 6 7 8 10 | 10.3
Invocations    | 5 8 9 |  9.0
Throwing       | |  1.7

Action                     |  1- 3 |  4- 6 |  7- 9 | 10-12 || total
---------------------------+-------+-------+-------+-------++-------
  Melee: Trident           |    77 |   130 |   336 |   269 ||   812
         Tailslap          |       |    12 |    39 |    49 ||   100
         Punch             |       |     2 |     3 |     4 ||     9
  Throw: Throwing net      |       |     3 |     1 |     3 ||     7
 Invoke: Ancestor Life: He |       |       |     1 |       ||     1
         Recall Ancestor   |       |       |       |     2 ||     2
  Evoke: Wand              |       |       |       |     1 ||     1
    Use: Scroll            |     5 |     2 |     7 |     7 ||    21
         Potion            |       |     2 |       |     3 ||     5
   Stab: Held in net/web   |       |     1 |       |       ||     1
         Sleeping          |       |     1 |     5 |     2 ||     8
         Distracted        |       |       |     5 |     2 ||     7
         Confused          |       |       |     2 |     1 ||     3
 Armour: Leather armour    |    65 |    38 |    82 |    85 ||   270
  Dodge: Dodged            |    73 |    92 |   215 |   180 ||   560

Table legend: (Time is in decaauts)
 A = Elapsed time spent in this place.
 B = Non-inter-level travel time spent in this place.
 C = Inter-level travel time spent in this place.
 D = Time resting spent in this place.
 E = Time spent auto-exploring this place.
 F = Levels seen in this place.
 G = Mean time per level.
                   A        B        C        D        E       F      G
               +--------+--------+--------+--------+--------+-----+--------+
         Total |  11056 |  10779 |    277 |    233 |   8699 |  14 |  789.7 |
       Dungeon |  11037 |  10760 |    277 |    233 |   8699 |  13 |  849.0 |
        Temple |     18 |     18 |      0 |      0 |      0 |   1 |   18.0 |
               +--------+--------+--------+--------+--------+-----+--------+

Top non-repeatable levels by time:
     D:1: 1600 daAuts
     D:5: 1270 daAuts
     D:6: 1193 daAuts
    D:10: 955 daAuts
     D:7: 933 daAuts
     D:3: 928 daAuts
     D:9: 900 daAuts
    D:12: 845 daAuts
    D:11: 720 daAuts
     D:4: 702 daAuts
     D:8: 481 daAuts
     D:2: 436 daAuts
    D:13: 68 daAuts
  Temple: 18 daAuts
